 Dungeon Crawl Stone Soup version 0.32-a0-630-g46d191b0ed (webtiles) character file.

Game seed: 18345219971223767957

2 Esekla the Sneak (level 1, -3/16 HPs)
             Began as an Octopode Delver on Mar 7, 2024.
             Slain by a sleepcap (5 damage)
             ... on level 5 of the Dungeon.
             The game lasted 00:01:06 (111 turns).

Esekla the Sneak (Octopode Delver)                   Turns: 111, Time: 00:01:06

Health: -3/16      AC:  1    Str: 11    XL:     1   Next: 40%
Magic:  1/1        EV: 13    Int: 12    God:
Gold:   19         SH:  0    Dex: 13    Spells: 0/0 levels left

rFire   . . .        a - +0 falchion
rCold   . . .        (no shield)
rNeg    . . .        (helmet restricted)
rPois   .            (no amulet)
rElec   .            (no ring)
rCorr   .            (no ring)
SInv    .            (no ring)
Will    .....        (no ring)
Stlth   ++++         (no ring)
HPRegen 0.22/turn    (no ring)
MPRegen 0.07/turn    (no ring)
                     (no ring)

%: no passive effects
@: no status effects
A: almost no armour, amphibious, 8 rings, camouflage 1, gelatinous body 1,
(nimble swimmer 1), tentacles
a: no special abilities


You were on level 5 of the Dungeon.
You visited 1 branch of the dungeon, and saw 1 of its levels.

You collected 19 gold pieces.

Inventory:

Hand Weapons
 a - a +0 falchion (weapon)
Wands
 f - a wand of digging (3)
Scrolls
 b - a scroll of fog
 g - a scroll of enchant weapon {unknown}
Potions
 e - a potion of haste


   Skills:
 * Level 3.0 Fighting
 + Level 2.0 Long Blades
 * Level 2.0 Dodging
 + Level 6.8 Stealth


You couldn't memorise any spells.
You didn't know any spells.
Your spell library was empty.

Dungeon Overview and Level Annotations

Branches:
Dungeon (5/15)
 Temple: D:4-7

Altars:
Ashenzari
Dithmenos
Qazlal

Shops:
D:5 [

Annotations:
D:5 Dowan, Duvessa


Innate Abilities, Weirdness & Mutations

You cannot wear most types of armour.
You are amphibious.
You can wear up to eight rings at the same time.
Your skin changes colour to match your surroundings (Stealth+).
Your rubbery body absorbs attacks. (AC +1, EV +1)
((You are camouflaged when in or above water. (Stealth+)))
You have tentacles for arms and can constrict up to eight enemies at once.


Message History

Duvessa shouts!
Dowan looks frightened!
Dowan casts a spell.
Dowan blinks!
Found a hand axe.
A gnoll comes into view. It is wielding a +0 spear.
Found a leather armour.
Found a stone staircase leading down.
Found a serpent talisman.
There is a stone staircase leading down here.
You see here a +0 leather armour.
Found a stone staircase leading up. 2 jackals come into view.
A hound comes into view.
The jackal barks!
The jackal bites you.
You closely miss the jackal. You grab the jackal.
You squeeze the jackal, but do no damage.
You constrict the jackal. The jackal barely misses you. x2
You barely miss the jackal. You grab the jackal. You squeeze the jackal.
You kill the jackal!
You constrict the jackal. The jackal bites you. x2
You hit the jackal.
You kill the jackal!
Found a leather armour.
Found Cem Meune's Armour Emporium.
You see here a +0 leather armour.
Found 8 gold pieces.
A bullfrog comes into view.
The bullfrog moves out of view.
There is an entrance to Cem Meune's Armour Emporium here.
A sleepcap and an orc come into view.
The orc shouts!
Found 6 stones.
The orc hits you with a +0 club.
You see here 8 gold pieces.
You now have 19 gold pieces (gained 8).
The orc hits you with a +0 club. The sleepcap attacks as it pursues you!
The sleepcap releases spores at you.
* * * LOW HITPOINT WARNING * * *
The sleepcap attacks as it pursues you! The sleepcap releases spores at you.
You die...

######### #####........
#.....#####.. #.##### #...#
########### #.##*####.###
#.........# #..#......,,,
#.......F.######......#****
#(.......o@∩...[........,,*
******#........f######..#.#..#*,,
,,,,,,..........# *...#..#.#*,,
******##....##.## *..##,...,,,,
##.#.,#..* **#..#*,,...*,,
#,#*,...# *,....,,,..#,,,
*,**##..#**,####,,,,,,,,, ***
*,,,,....,,,* *,***,**,*
**,******,,....,,****,***,**,,


You could see a sleepcap, a bullfrog (wandering) and an orc.

Vanquished Creatures
  2 jackals (D:5)
2 creatures vanquished.

Notes
Turn   | Place    | Note
-------+----------+-------------------------------------------
     0 | D:5      | Esekla the Octopode Delver began the quest for the Orb.
     0 | D:5      | Reached XP level 1. HP: 16/16 MP: 1/1
    20 | D:5      | Found a shadowy altar of Dithmenos.
    20 | D:5      | Found a stormy altar of Qazlal.
    20 | D:5      | Noticed Duvessa
    20 | D:5      | Noticed Dowan
    21 | D:5      | Found a broken altar of Ashenzari.
    65 | D:5      | Noticed a hound
    98 | D:5      | Found Cem Meune's Armour Emporium.
   101 | D:5      | Noticed a bullfrog
   104 | D:5      | Noticed a sleepcap
   111 | D:5      | Slain by a sleepcap

Illustrated notes

Levels and vault maps discovered:
D:5:      layout_rooms, chequers_temple_overflow_statue_of_worship,
          serial_shops, shop, hangedman_abyss_or_decor_lesser_grid,
          minmay_misc_feat_tower, uniq_duvessa, uniq_menkaure

Action                     || total
---------------------------++-------
  Melee: Falchion          ||     3
         Constrict         ||     2
         Tentacles         ||     2
    Use: Scroll            ||     2
 Armour: Skin              ||     7
  Dodge: Dodged            ||     2

Table legend: (Time is in decaauts)
 A = Elapsed time spent in this place.
 B = Non-inter-level travel time spent in this place.
 C = Inter-level travel time spent in this place.
 D = Time resting spent in this place.
 E = Time spent auto-exploring this place.
 F = Levels seen in this place.
 G = Mean time per level.
                   A        B        C        D        E       F      G
               +--------+--------+--------+--------+--------+-----+--------+
         Total |    111 |    111 |      0 |      0 |      0 |   1 |  111.0 |
       Dungeon |    111 |    111 |      0 |      0 |      0 |   1 |  111.0 |
               +--------+--------+--------+--------+--------+-----+--------+

Top non-repeatable levels by time:
     D:5: 111 daAuts
